 Dungeon Crawl Stone Soup version 0.30-a0-1163-gf69bf04e7a (webtiles) character file.

Game seed: 17694955809257288362

9303 themarg the Spear-Bearer (level 11, -5/90 HPs)
             Began as a Merfolk Berserker on Apr 29, 2023.
             Was an Elder of Trog.
             Slain by a vampire (8 damage)
             ... on level 11 of the Dungeon.
             The game lasted 00:29:33 (11761 turns).

themarg the Spear-Bearer (Merfolk Berserker)       Turns: 11761, Time: 00:29:33

Health: -5/90      AC: 12    Str: 27    XL:     11   Next: 44%
Magic:  11/11      EV: 11    Int:  6    God:    Trog [****..]
Gold:   449        SH: 12    Dex: 15    Spells: 10/10 levels left

rFire   . . .        f - +2 spear (venom)
rCold   + . .        z - +0 kite shield
rNeg    . . .        V - +1 leather armour "Kufalell" {Drain rC+ Will+ Stlth+}
rPois   +            m - +0 helmet
rElec   .            T - +0 cloak
rCorr   .            O - +2 pair of gloves
SInv    .            c - +2 pair of boots
Will    +....        Q - amulet of regeneration
Stlth   ++           g - +6 ring of strength
HPRegen 1.15/turn    I - ring of poison resistance
MPRegen 0.12/turn

%: no passive effects
@: about to teleport
A: (nimble swimmer 2), mertail
a: Renounce Religion, Berserk, Trog's Hand, Brothers in Arms


You were on level 11 of the Dungeon.
You worshipped Trog.
Trog was greatly pleased with you.
You visited 1 branch of the dungeon, and saw 11 of its levels.

You collected 449 gold pieces.

Inventory:

Hand Weapons
 f - a +2 spear of venom (weapon)
 A - a +4 trident
 U - the +6 spear "Tihoiw" {speed, Int+6}
   (You found it on level 9 of the Dungeon)

   Int:       It affects your intelligence (+6).
Missiles
 a - 100 stones
 d - 2 atropa-tipped darts
 o - 38 poisoned darts (quivered)
 p - 8 boomerangs
 y - 6 boomerangs of dispersal
 E - 2 throwing nets
Armour
 c - a +2 pair of boots (worn)
 m - a +0 helmet (worn)
 z - a +0 kite shield (worn)
 O - a +2 pair of gloves (worn)
 T - a +0 cloak (worn)
 V - the +1 leather armour "Kufalell" (worn) {Drain rC+ Will+ Stlth+}
   (You found it on level 9 of the Dungeon)

   rC:        It protects you from cold.
   Drain:     It drains your maximum health when unequipped.
   Will:      It increases your willpower.
   Stlth:     It makes you more stealthy.
Jewellery
 g - a +6 ring of strength (left hand)
 t - a ring of protection from cold
 D - an amulet of faith
 G - a ring of magical power
 I - a ring of poison resistance (right hand)
 Q - an amulet of regeneration (around neck)
 R - an amulet of magic regeneration
Wands
 C - a wand of flame (44)
 F - a wand of charming (26)
 K - a wand of light (10)
 S - a wand of iceblast (3)
Scrolls
 e - 5 scrolls of fear
 h - 3 scrolls of enchant weapon
 k - 2 scrolls of enchant armour {unknown}
 n - 4 scrolls of magic mapping
 s - 2 scrolls of amnesia
 u - 3 scrolls of teleportation
 w - a scroll of immolation {unknown}
 B - a scroll of torment {unknown}
 M - a scroll of silence {unknown}
 N - a scroll of poison {unknown}
 P - a scroll of vulnerability {unknown}
Potions
 b - a potion of flight
 i - a potion of resistance {unknown}
 j - 5 potions of heal wounds
 l - a potion of haste
 q - a potion of magic {unknown}
 r - a potion of lignification
 v - 3 potions of attraction {unknown}
 x - 2 potions of brilliance
 H - a potion of mutation {unknown}
 J - a potion of might {unknown}


   Skills:
 - Level 10.0 Fighting
 - Level 14.0 Polearms
 - Level 2.0 Throwing
 - Level 1.3 Armour
 - Level 2.6 Dodging
 + Level 10.9 Shields
 - Level 2.0 Evocations


You had 10 spell levels left.
You didn't know any spells.
Your spell library was empty.

Dungeon Overview and Level Annotations

Branches:
Dungeon (11/15)            Temple (0/1) D:4            Lair (0/5) D:10
    Orc (0/2) D:10

Altars:
Cheibriados
Wu Jian
Xom
Yredelemnul
Zin
The Shining One

Shops:
D:1 *

Annotations:
D:2 1 runed translucent door, exclusion: door, Crazy Yiuf
D:5 1 runed translucent door, Juicyj's ghost, novice MiFi
D:8 1 runed translucent door, Jeffwins's ghost, novice HuWn


Innate Abilities, Weirdness & Mutations

((You are very nimble when in or above water. (Stealth+, EV+, Speed+++)))
Your lower body shifts to a powerful aquatic tail in water.


Message History

You barely miss something. Something hits you but does no damage.
Something bites you.
Something draws strength from your injuries!
You puncture something! You hit something. Something draws life force from you!
You puncture something! Something draws life force from you!
Your skin crawls.
You feel strong-willed. You block something's attack. Something bites you.
Something draws strength from your injuries!
You hit something but do no damage. You puncture something!
Something draws life force from you!
You completely miss something. You hit something but do no damage.
You feel the effects of Trog's Hand fading.
Something hits you but does no damage. Something bites you but does no damage.
You barely miss something. You closely miss something. Something hits you.
Something bites you!
Something draws strength from your injuries!
You hit something. You closely miss something. You block something's attack.
Something bites you.
Something draws strength from your injuries!
You hit something but do no damage. You hit something but do no damage.
Something hits you!
* * * LOW HITPOINT WARNING * * *
Something bites you!
* * * LOW HITPOINT WARNING * * *
Something draws strength from your injuries!
You hit something but do no damage. Something hits you.
* * * LOW HITPOINT WARNING * * *
Something bites you.
* * * LOW HITPOINT WARNING * * *
Something draws strength from your injuries!
As you read the scroll of teleportation, it crumbles to dust.
You feel strangely unstable.
Your skin stops crawling.
You feel less strong-willed. Something hits you.
* * * LOW HITPOINT WARNING * * *
Something bites you!
You die...

.........# ......... ..
......... ... .......
..########## .....#
#.#......... #...#
#.#........< #!.{#
#.#......... #..@#
#.#'########
#...#####..........
#..................
......................
.......................
.......................
.......................
.......................
.......................


There were no monsters in sight!

Vanquished Creatures
  3 two-headed ogres
  A death yak (D:9)
  Joseph (D:8)
  Sigmund (D:6)
  A shadow (D:8)
  A wyvern (D:8)
  11 yaks
  2 vampire mosquitoes (D:8)
  Menkaure (D:6)
  Duvessa (D:6)
  A water moccasin (D:8)
  A sky beast (D:7)
  4 orc warriors
  2 ice beasts
  A black bear (D:6)
  2 ogres (D:5)
  3 centaurs
  2 phantoms
  3 bullfrogs
  4 kobold brigands
  A scorpion (D:4)
  12 wights
  Dowan (D:6)
  8 killer bees
  3 howler monkeys
  3 jellies
  A gnoll bouda (D:6)
  3 orc priests
  6 hounds
  A sleepcap (D:6)
  4 iguanas
  8 orc wizards
  A hell rat (D:10)
  9 gnolls
  2 river rats (D:10)
  6 adders
  3 white imps
  An ufetubus (D:6)
  21 orcs
  11 ball pythons
  4 endoplasms
  5 giant cockroaches
  9 goblins
  6 hobgoblins
  4 jackals (D:3)
  4 quokkas
  7 bats
  2 frilled lizards
  27 kobolds
  4 rats
223 creatures vanquished.

Vanquished Creatures (collateral kills)
  2 killer bees (D:9)
2 creatures vanquished.

Vanquished Creatures (others)
  7 plants (D:8)
7 creatures vanquished.

Grand Total: 232 creatures vanquished

Notes
Turn   | Place    | Note
-------+----------+-------------------------------------------
     0 | D:1      | themarg the Merfolk Berserker began the quest for the Orb.
     0 | D:1      | Reached XP level 1. HP: 18/18 MP: 1/1
   166 | D:1      | Reached XP level 2. HP: 22/24 MP: 2/2
   259 | D:1      | Found Utoehal's Assorted Antiques.
   785 | D:1      | Reached XP level 3. HP: 30/30 MP: 3/3
   790 | D:1      | Reached skill level 5 in Polearms
  1048 | D:2      | Reached ** piety under Trog
  1474 | D:2      | Found a runed translucent door.
  1475 | D:2      | Noticed Crazy Yiuf
  1813 | D:3      | Noticed an eye of devastation
  1816 | D:3      | Found a faded altar of an unknown god.
  1817 | D:3      | Noticed a shining eye
  1817 | D:3      | Noticed a floating eye
  1817 | D:3      | Noticed a floating eye
  2063 | D:3      | Reached XP level 4. HP: 38/38 MP: 4/4
  2448 | D:3      | Found a basalt altar of Yredelemnul.
  2448 | D:3      | Found a glowing golden altar of the Shining One.
  2456 | D:3      | Found a faded altar of an unknown god.
  2458 | D:3      | Found a shimmering altar of Xom.
  2460 | D:3      | Found a glowing silver altar of Zin.
  2650 | D:4      | Reached skill level 5 in Fighting
  2650 | D:4      | Reached skill level 6 in Polearms
  2650 | D:4      | Reached XP level 5. HP: 40/44 MP: 5/5
  2815 | D:4      | Reached skill level 7 in Polearms
  2922 | D:4      | Reached XP level 6. HP: 51/51 MP: 6/6
  3088 | D:4      | Identified the +11 sling of Laanui {freeze, Fly Dex+3}
  3142 | D:4      | Found a staircase to the Ecumenical Temple.
  3327 | D:5      | Entered Level 5 of the Dungeon
  3343 | D:5      | Reached skill level 8 in Polearms
  3407 | D:5      | Found a runed translucent door.
  3544 | D:5      | Noticed an ice beast
  3555 | D:5      | Killed an ice beast
  3556 | D:5      | Reached skill level 9 in Polearms
  3556 | D:5      | Reached XP level 7. HP: 56/56 MP: 7/7
  3565 | D:5      | Reached skill level 10 in Polearms
  3680 | D:5      | Reached *** piety under Trog
  4268 | D:5      | Found an ornate altar of the Wu Jian Council.
  4358 | D:5      | Noticed Juicyj's ghost (novice MiFi)
  4446 | D:5      | Found a snail-covered altar of Cheibriados.
  4632 | D:6      | Reached skill level 11 in Polearms
  4660 | D:6      | Noticed Menkaure
  4679 | D:6      | Killed Menkaure
  4680 | D:6      | Reached XP level 8. HP: 62/62 MP: 8/8
  4762 | D:6      | Reached skill level 12 in Polearms
  4927 | D:6      | Noticed Sigmund
  4950 | D:6      | Killed Sigmund
  4951 | D:6      | Reached skill level 13 in Polearms
  5137 | D:6      | Noticed Duvessa
  5157 | D:6      | Noticed Dowan
  5189 | D:6      | Killed Duvessa
  5190 | D:6      | Reached skill level 14 in Polearms
  5190 | D:6      | Reached XP level 9. HP: 68/68 MP: 9/9
  5191 | D:6      | Killed Dowan
  5812 | D:7      | Noticed a two-headed ogre
  6459 | D:6      | Reached **** piety under Trog
  7348 | D:7      | Killed a two-headed ogre
  7717 | D:7      | Reached skill level 10 in Fighting
  7776 | D:7      | Reached skill level 1 in Throwing
  7776 | D:7      | Reached skill level 1 in Evocations
  7837 | D:8      | Reached XP level 10. HP: 80/85 MP: 10/10
  7890 | D:8      | Found a runed translucent door.
  7892 | D:8      | Noticed Jeffwins's ghost (novice HuWn)
  7892 | D:8      | Identified the +6 spear "Kiuqia" {freeze, rElec rF+ Will+
                  | MP-9}
  7917 | D:8      | Reached skill level 1 in Shields
  8219 | D:8      | Noticed Joseph
  8236 | D:8      | Killed Joseph
  8527 | D:8      | Reached skill level 5 in Shields
  9981 | D:9      | HP: 4/81 [poisoned by a killer bee]
  9991 | D:9      | Reached XP level 11. HP: 19/89 MP: 11/11
 10260 | D:9      | Identified the +6 spear "Tihoiw" {speed, Int+6}
 10300 | D:9      | Identified the +1 leather armour "Kufalell" {Drain rC+
                  | Will+ Stlth+}
 10461 | D:10     | Entered Level 10 of the Dungeon
 10661 | D:10     | Noticed a two-headed ogre
 10676 | D:10     | Killed a two-headed ogre
 10975 | D:10     | Noticed a death yak
 11120 | D:10     | Reached skill level 10 in Shields
 11163 | D:10     | Noticed a two-headed ogre
 11180 | D:10     | Killed a two-headed ogre
 11268 | D:10     | Found a staircase to the Orcish Mines.
 11301 | D:10     | Noticed a death yak
 11404 | D:9      | Killed a death yak
 11493 | D:10     | Found a staircase to the Lair.
 11761 | D:11     | HP: 3/90 [something (5)]
 11761 | D:11     | Slain by a vampire

Illustrated notes

Levels and vault maps discovered:
D:1:      evilmike_arrival_hilbert_curve, layout_loops_ring, serial_shops, shop,
          st_stairs_11, chequers_decorated_corner
D:2:      layout_basic, uniq_crazy_yiuf_cottage
D:3:      layout_basic, chequers_temple_overflow_minitemple,
          hellmonk_ecumenical_altar_watching_god, hex_intersection
D:4:      nicolae_cairo_tiling_large, layout_rooms, lemuel_temple_firewalk_a
D:5:      layout_basic, mainiacjoe_overflow_big_doors, ebering_ghost_sewer_d,
          minmay_misc_feat_square
D:6:      layout_loops_ring, grunt_ministairs_4, uniq_duvessa, uniq_menkaure,
          uniq_sigmund
D:7:      layout_basic
D:8:      layout_cave_pools, ebering_ghost_funeral_grove, lemuel_flamethrower_2,
          uniq_joseph
D:9:      layout_long_grid
D:10:     layout_irregular_city, dpeg_lair_monsters, david_orc_2
D:11:     layout_irregular_city

Skill      XL: |  1  2  3  4  5  6  7  8  9 10 11 |
---------------+----------------------------------+-----
Fighting       | 4 5 10 | 10.0
Polearms       | 5 6 7 9 11 14 | 14.0
Throwing       | 1 2 |  2.0
Evocations     | 1 2 |  2.0
Shields        | 8 10 | 10.9
Armour         | |  1.3
Dodging        | |  2.6

Action                     |  1- 3 |  4- 6 |  7- 9 | 10-12 || total
---------------------------+-------+-------+-------+-------++-------
  Melee: Spear             |   124 |   110 |   370 |   479 ||  1083
         Punch             |       |     2 |     3 |     6 ||    11
  Throw: Dart              |       |       |     5 |    27 ||    32
 Invoke: Berserk           |     1 |       |     2 |     1 ||     4
         Trog's Hand       |       |       |     2 |     7 ||     9
         Brothers in Arms  |       |       |       |     1 ||     1
  Evoke: Wand              |       |       |       |     8 ||     8
    Use: Potion            |       |     1 |     2 |     5 ||     8
         Scroll            |       |     2 |     5 |     3 ||    10
   Stab: Distracted        |     1 |       |       |     1 ||     2
         Sleeping          |     2 |     3 |       |       ||     5
 Armour: Animal skin       |    25 |       |       |       ||    25
         Leather armour    |       |    18 |    58 |    70 ||   146
  Dodge: Dodged            |    55 |    33 |    98 |   117 ||   303
  Block: Kite shield       |       |       |       |    12 ||    12

Table legend: (Time is in decaauts)
 A = Elapsed time spent in this place.
 B = Non-inter-level travel time spent in this place.
 C = Inter-level travel time spent in this place.
 D = Time resting spent in this place.
 E = Time spent auto-exploring this place.
 F = Levels seen in this place.
 G = Mean time per level.
                   A        B        C        D        E       F      G
               +--------+--------+--------+--------+--------+-----+--------+
         Total |  11323 |  10774 |    549 |   1715 |   7248 |  11 | 1029.4 |
       Dungeon |  11323 |  10774 |    549 |   1715 |   7248 |  11 | 1029.4 |
               +--------+--------+--------+--------+--------+-----+--------+

Top non-repeatable levels by time:
     D:6: 2281 daAuts
     D:9: 1344 daAuts
     D:8: 1279 daAuts
     D:5: 1156 daAuts
     D:1: 1038 daAuts
    D:10: 1022 daAuts
     D:3: 822 daAuts
     D:4: 816 daAuts
     D:7: 799 daAuts
     D:2: 726 daAuts
    D:11: 35 daAuts
